AoeStats
← bumbsbomba74

MegaRandom

506351336Analyzed
1v1 RM · 20d ago on Sep 13, 2026· 38m 55s· 2 players
Game mode
Random Map
Map size
Tiny (2 player)
Population
200
Speed
Normal
Resources
Standard
Victory
Conquest
Starting age
Dark Age
Ending age
Imperial Age
RankedLock teamsTeams togetherTeam positionsShared explorationLock speedFull tech treeHidden civsTurbo modeCheats
Victory
Defeat
🇩🇪 Berbers · Germany
1425
+19
🇦🇷 Vikings · Argentina
1483
-19
bumbsbomba74
9:40 Feudal Age
10:11 Double-Bit Axe
13:45 Horse Collar
19:22 Castle Age
17:42 Gold Mining
18:14 Fletching
20:15 Medium Warships
20:01 Bodkin Arrow
20:22 Bow Saw
23:07 Town Watch
26:09 Loom
27:01 Wheelbarrow
26:38 Scale Barding Armor
30:31 Forging
34:37 Imperial Age
32:43 Bloodlines
34:11 Chain Barding Armor
36:19 Chemistry
35:58 Plate Barding Armor
35:09 Cavalier
37:53 Iron Casting
39:40 Blast Furnace
Tachibana Omina
2:35 Loom
11:44 Feudal Age
13:13 Fletching
14:12 Double-Bit Axe
16:10 Gold Mining
23:27 Castle Age
24:06 Bodkin Arrow
25:28 Medium Warships
26:00 Crossbowman
27:33 Padded Archer Armor
30:29 Ballistics
30:37 Leather Archer Armor
37:51 Imperial Age
35:47 Town Watch
36:51 Masonry
37:24 Bow Saw
39:10 Bracer
Connection lost

Rejoining the realm…

Still unreachable

The connection could not be restored.

Session expired

The server has moved on; the page needs a fresh start.